 Dungeon Crawl Stone Soup version 0.19-a0-726-g4af737f (webtiles) character file.

2980 Gate88 the Arsonist (level 9, -3/45 HPs)
             Began as a Deep Elf Fire Elementalist on June 21, 2016.
             Was a Follower of Vehumet.
             Hit by a large rock thrown by a cyclops (48 damage)
             ... on level 7 of the Dungeon.
             The game lasted 00:23:16 (7503 turns).

Gate88 the Arsonist (Deep Elf Fire Elementalist)    Turns: 7503, Time: 00:23:17

Health: -3/45      AC:  8    Str:  5    XL:     9   Next: 53%
Magic:  20/23      EV: 13    Int: 26    God:    Vehumet [*.....]
Gold:   430        SH:  0    Dex: 15    Spells: 5 memorised, 10 levels left

rFire  + . .     SeeInvis .     B - +3 quarterstaff (chaos)
rCold  x . .     Gourm    .     a - +0 robe
rNeg   . . .     Faith    .     (shield currently unavailable)
rPois  .         Spirit   .     (no helmet)
rElec  .         Dismiss  .     A - +2 cloak
rCorr  .         Reflect  .     K - +2 pair of gloves
SustAt .         Harm     +     (no boots)
MR     .....                    U - amulet of harm
Stlth  +++.......               I - ring of fire
                                D - ring of stealth

@: not resistant to hostile enchantments, fairly stealthy
A: clever 1
a: Renounce Religion


You were on level 7 of the Dungeon.
You worshipped Vehumet.
Vehumet was aware of your devotion.
You were not hungry.

You visited 2 branches of the dungeon, and saw 8 of its levels.

You collected 430 gold pieces.

Inventory:

Hand Weapons
 B - a +3 quarterstaff of chaos (weapon)
 O - a +2 whip of electrocution
Missiles
 V - 2 throwing nets (quivered)
Armour
 a - a +0 robe (worn)
 y - a +1 leather armour of magic resistance
 A - a +2 cloak (worn)
 K - a +2 pair of gloves (worn)
Jewellery
 D - a ring of stealth (left hand)
 I - a ring of fire (right hand)
 U - an amulet of harm (around neck)
 Y - a +2 ring of strength
Wands
 o - a wand of random effects (38/48)
 F - a wand of digging (16/24)
 L - a wand of flame (21/48)
 S - a wand of flame (18/48)
Scrolls
 d - 3 scrolls of teleportation
 l - a scroll of enchant weapon {unknown}
 q - 4 scrolls of remove curse
 s - a scroll of blinking
 u - a scroll of noise {unknown}
 v - 4 scrolls of identify
 G - a scroll of fog
 H - a scroll of amnesia {unknown}
 T - a scroll of fear {unknown}
 W - a scroll of holy word {unknown}
Potions
 g - a potion of agility
 h - a potion of heal wounds {unknown}
 j - 3 potions of curing
 r - a potion of cure mutation {unknown}
 w - a potion of cancellation {unknown}
 x - a potion of lignification {unknown}
 z - a potion of brilliance {unknown}
 C - a potion of magic {unknown}
 E - a potion of invisibility {unknown}
 J - a potion of might {unknown}
Books
 b - a book of Flames

   Spells                             Type                      Level
   a - Flame Tongue                   Conjuration/Fire             1
   b - Throw Flame                    Conjuration/Fire             2
   c - Conjure Flame                  Conjuration/Fire             3
   d - Inner Flame                    Hexes/Fire                   3
   e - Sticky Flame                   Conjuration/Fire             4
   f - Fireball                       Conjuration/Fire             5
 n - a book of Power

   Spells                             Type                      Level
   a - Fulminant Prism                Conjuration/Hexes            4
   b - Iskenderun's Mystic Blast      Conjuration                  4
   c - Venom Bolt                     Conjuration/Poison           5
   d - Bolt of Magma                  Conjuration/Fire/Earth       5
   e - Iron Shot                      Conjuration/Earth            6
   f - Orb of Destruction             Conjuration                  7
   g - Spellforged Servitor           Conjuration/Summoning        7
 N - a book of Alchemy

   Spells                             Type                      Level
   a - Sublimation of Blood           Necromancy                   2
   b - Ignite Poison                  Fire/Transmutation/Poison    3
   c - Petrify                        Transmutation/Earth          4
   d - Alistair's Intoxication        Transmutation/Poison         5
   e - Irradiate                      Conjuration/Transmutation    5
 Q - Vehumet's Tome of Conjuration
   (You found it on level 5 of the Dungeon)

   Spells                             Type                      Level
   a - Magic Dart                     Conjuration                  1
 R - a book of the Tempests

   Spells                             Type                      Level
   a - Static Discharge               Conjuration/Air              3
   b - Lightning Bolt                 Conjuration/Air              5
   c - Fireball                       Conjuration/Fire             5
   d - Tornado                        Air                          9
   e - Shatter                        Earth                        9
Comestibles
 c - 5 bread rations
 i - 2 meat rations
 t - 2 slices of pizza
 P - a beef jerky


   Skills:
 - Level 2.4 Dodging
 - Level 2.4 Stealth
 + Level 8.8 Spellcasting
 - Level 9.2 Conjurations
 - Level 9.5 Fire Magic


You had 10 spell levels left.
You knew the following spells:

 Your Spells              Type           Power        Failure   Level  Hunger
a - Flame Tongue          Conj/Fire      #####        1%          1    None
b - Throw Flame           Conj/Fire      ######       1%          2    None
c - Sticky Flame          Conj/Fire      ######..     1%          4    ##.....
d - Fireball              Conj/Fire      ######....   3%          5    ####...
w - Conjure Flame         Conj/Fire      ######..     1%          3    None


Dungeon Overview and Level Annotations

Branches:
Dungeon (7/15)             Temple (1/1) D:5

Altars:
Ashenzari
Cheibriados
Dithmenos
Fedhas
Gozag
Kikubaaqudgha
Makhleb
Nemelex Xobeh
Okawaru
Pakellas
Qazlal
Ru
Sif Muna
Trog
Vehumet
Xom
Yredelemnul
Zin
The Shining One


Innate Abilities, Weirdness & Mutations

Your mind is acute. (Int +2)


Message History

Found a stone staircase leading down.
Casting: Flame Tongue
Confirm with . or Enter, or press ? or * to list all spells.
Okay, then.
A giant frog comes into view.
Casting: Flame Tongue
Confirm with . or Enter, or press ? or * to list all spells.
Aiming: Fireball
Press: ? - help, Shift-Dir - straight line, f - cyclops
Aim: a cyclops (resting)
You feel a surge of power!
The fireball explodes!
The fireball engulfs the cyclops.
The cyclops is severely wounded.
The fireball engulfs the centaur.
You kill the centaur!
Vehumet accepts your kill.
You feel your power returning.
The cyclops throws a large rock.
The large rock hits you!!!
Ouch! That really hurt!
You die...

#.................
#..#####.#.#.##.#รท
#..# #.#.#.#....
#..# #.#.#......
#..# #.#.+......
#..#####.###......
#.....##.###......
#.###.##...|......
#@# #.###........#
............#
#....#####
####........#
#....# #........#
#....# #........#
#....# #...C....#
##########
#.F)>..... .......
#........## #######


You could see a cyclops and a giant frog (wandering).

Vanquished Creatures
  A troll (D:7)
  A hippogriff (D:7)
  A water moccasin (D:6)
  2 orc warriors (D:6)
  2 phantoms
  3 black bears (D:6)
  A sky beast (D:6)
  3 ogres
  An eye of draining (D:5)
  2 centaurs
  A gnoll sergeant (D:7)
  A scorpion (D:4)
  A water moccasin skeleton (D:6)
  5 crimson imps
  3 hounds
  A giant frog zombie (D:5)
  4 orc priests
  Crazy Yiuf (D:3)
  A giant frog skeleton (D:6)
  A gnoll shaman (D:4)
  An iguana (D:4)
  Ijyb (D:3)
  Terence (D:4)
  7 orc wizards
  3 worker ants
  3 hound skeletons
  8 gnolls
  5 adders
  A shadow imp (D:5)
  3 oozes
  2 adder skeletons
  5 worms
  A dart slug (D:3)
  2 giant geckos
  28 orcs
  6 giant cockroaches
  8 goblins
  9 hobgoblins
  4 jackals (D:1)
  8 kobolds
  3 quokkas
  A ball python (D:1)
  A ball python skeleton (D:4)
  13 bats
  A giant gecko skeleton (D:4)
  2 giant newts
  A quokka skeleton (D:4)
  2 rats (D:3)
166 creatures vanquished.

Notes
Turn   | Place    | Note
--------------------------------------------------------------
     0 | D:1      | Gate88 the Deep Elf Fire Elementalist began the quest for the Orb.
     0 | D:1      | Reached XP level 1. HP: 10/10 MP: 6/6
   125 | D:1      | Reached XP level 2. HP: 15/15 MP: 6/8
   129 | D:1      | Learned a level 2 spell: Throw Flame
   486 | D:1      | Reached XP level 3. HP: 19/19 MP: 7/9
   756 | D:2      | Found a glowing silver altar of Zin.
   891 | D:2      | Found a stormy altar of Qazlal.
   904 | D:2      | Noticed Terence
   976 | D:2      | Found a shimmering altar of Xom.
  1549 | D:3      | Learned a level 3 spell: Conjure Flame
  1557 | D:3      | Reached XP level 4. HP: 21/24 MP: 2/10
  1902 | D:3      | Noticed Ijyb
  1948 | D:3      | Killed Ijyb
  2254 | D:3      | Noticed Crazy Yiuf
  2261 | D:3      | Killed Crazy Yiuf
  2261 | D:3      | Reached skill level 5 in Fire Magic
  2261 | D:3      | Reached XP level 5. HP: 28/28 MP: 1/11
  2579 | D:3      | Learned a level 4 spell: Sticky Flame
  2770 | D:3      | Found a sparkling altar of Nemelex Xobeh.
  2784 | D:3      | Noticed an ogre
  2791 | D:3      | Killed an ogre
  2791 | D:3      | Reached XP level 6. HP: 32/32 MP: 3/12
  2913 | D:4      | Killed Terence
  2913 | D:4      | Reached skill level 5 in Conjurations
  3161 | D:4      | Reached XP level 7. HP: 28/36 MP: 6/13
  4405 | D:5      | Entered Level 5 of the Dungeon
  4449 | D:5      | Found a staircase to the Ecumenical Temple.
  4458 | Temple   | Entered the Ecumenical Temple
  4646 | D:5      | Found a radiant altar of Vehumet.
  4646 | D:5      | Found an ancient bone altar of Kikubaaqudgha.
  4647 | D:5      | Found a deep blue altar of Sif Muna.
  4654 | D:5      | Identified Vehumet's Tome of Conjuration
  4656 | D:5      | Became a worshipper of Vehumet
  4782 | D:5      | Found a bloodstained altar of Trog.
  4815 | D:5      | Reached XP level 8. HP: 41/41 MP: 0/14
  6052 | D:6      | Reached * piety under Vehumet
  6052 | D:6      | Offered knowledge of Shock by Vehumet.
  6052 | D:6      | Reached XP level 9. HP: 43/45 MP: 6/15
  6198 | D:6      | Learned a level 5 spell: Fireball
  6436 | D:6      | Reached skill level 5 in Spellcasting
  7001 | D:7      | Gained mutation: Your mind is acute. (Int +2) [potion of beneficial mutation]
  7081 | D:7      | Noticed a troll
  7106 | D:7      | Killed a troll
  7497 | D:7      | Noticed a cyclops
  7503 | D:7      | Hit by a large rock thrown by a cyclops

Vault maps used:
D:1:      dpeg_arrival_rooms_a
D:2:      overflow_temple_1_default, xom_butterflies, grunt_qazlal_sundering,
          uniq_terence
D:3:      first_bread, nemelex_dance_club_becter, uniq_crazy_yiuf_cottage,
          uniq_iyjb
D:5:      grunt_temple_overflow_magic_moments, minmay_misc_feat_columns,
          trog_eyes_of_draining
Temple:   dshaligram_water_room_temple

Skill      XL: |  1  2  3  4  5  6  7  8  9 |
---------------+----------------------------+-----
Conjurations   | 2 3 4 5 7 9 |  9.2
Fire Magic     | 4 5 6 7 9 |  9.5
Spellcasting   | 8 |  8.8
Dodging        | |  2.4
Stealth        | |  2.4

Action                   |  1- 3 |  4- 6 |  7- 9 || total
-------------------------+-------+-------+-------++-------
Melee: Dagger            |    11 |    13 |       ||    24
       Quarterstaff      |       |    35 |   127 ||   162
 Cast: Flame Tongue      |    80 |    74 |   151 ||   305
       Throw Flame       |     3 |     3 |     6 ||    12
       Conjure Flame     |       |     3 |     6 ||     9
       Sticky Flame      |       |     2 |    16 ||    18
       Fireball          |       |       |     1 ||     1
  Use: Scroll            |       |       |    10 ||    10
       Potion            |       |       |     1 ||     1
 Stab: Sleeping          |     2 |     5 |     2 ||     9
  Eat: Chunk             |     2 |     6 |    13 ||    21
       Royal jelly       |       |       |     1 ||     1
       Beef jerky        |       |       |     1 ||     1
Armor: Robe              |     4 |    13 |    38 ||    55
Dodge: Dodged            |    25 |    41 |   101 ||   167
